 Dungeon Crawl Stone Soup version 0.24.0-13-gcf9b3192b9 (webtiles) character file.

Game seed: 4019760080242710996, levelgen mode: deterministic

3079 Oravi the Sneak (level 9, -3/47 HPs)
             Began as a Vine Stalker Hunter on Nov 7, 2019.
             Was a Follower of Uskayaw.
             Killed by divine providence
             ... invoked by a meliai
              (10 damage)
             ... on level 10 of the Dungeon.
             The game lasted 00:48:41 (11304 turns).

Oravi the Sneak (Vine Stalker Hunter)              Turns: 11304, Time: 00:48:42

Health: -3/47      AC: 11    Str: 25    XL:     9   Next: 89%
Magic:  0/21       EV:  8    Int: 11    God:    Uskayaw [*.....]
Gold:   382        SH: 10    Dex: 15    Spells: 8/8 levels left

rFire    . . .     SeeInvis .   b - +0 rapier
rCold    . . .     Gourm    .   y - +0 shield
rNeg     . . .     Faith    .   E - +1 scale mail of the Bull {Regen+ Str+7}
rPois    .         Spirit   +   (no helmet)
rElec    .         Reflect  .   o - scarf {repulsion}
rCorr    .         Harm     .   l - +0 pair of gloves
MR       +....                  Q - +2 pair of boots
Stlth    +++.......             (no amulet)
HPRegen  0.95/turn              k - ring of stealth
MPRegen  0.17/turn              p - ring of magical power

@: repel missiles
A: fangs 3, regeneration 1, magic shield, antimagic bite, no potion heal 3, rot
immunity
a: Stomp, Renounce Religion


You were on level 10 of the Dungeon.
You worshipped Uskayaw.
Uskayaw was noncommittal.
You were not hungry.

You visited 2 branches of the dungeon, and saw 11 of its levels.
You also visited: Sewer and Ossuary.

You collected 502 gold pieces.
You spent 120 gold pieces at shops.

Inventory:

Hand Weapons
 a - a +2 hunting sling
 b - a +0 rapier (weapon)
 J - a +0 short sword
Missiles
 d - 21 sling bullets
 r - 214 stones (quivered)
 t - 3 boomerangs
 N - 9 poisoned darts
 R - 6 atropa-tipped darts
Armour
 g - a +0 ring mail
 l - a +0 pair of gloves (worn)
 o - a scarf of repulsion (worn)
 y - a +0 shield (worn)
 B - a +0 chain mail
 E - the +1 scale mail of the Bull (worn) {Regen+ Str+7}
   (You found it on level 8 of the Dungeon)

   It affects your strength (+7).
   It increases your rate of regeneration.
 Q - a +2 pair of boots (worn)
Jewellery
 k - a ring of stealth (left hand)
 m - an uncursed ring of fire
 p - a ring of magical power (right hand)
 M - a cursed ring of attention {unknown}
Wands
 i - a wand of random effects (20)
 C - a wand of disintegration (6)
 F - a wand of iceblast (15)
Scrolls
 c - a scroll of holy word {unknown}
 e - 5 scrolls of enchant weapon
 j - 5 scrolls of identify {@r1}
 q - 4 scrolls of teleportation
 s - a scroll of fear
 v - 6 scrolls of remove curse {@r2}
 D - 3 scrolls of fog
 G - a scroll of immolation {unknown}
 O - a scroll of amnesia {unknown}
Potions
 h - 9 potions of curing {@q1}
 n - 5 potions of agility
 u - 6 potions of lignification
 w - 5 potions of haste
 x - 2 potions of invisibility
 z - a potion of magic
 A - 2 potions of mutation
 H - 2 potions of ambrosia
 I - a potion of cancellation
 K - 4 potions of brilliance
 L - a potion of flight
Comestibles
 f - 12 rations
 P - 2 chunks of flesh


   Skills:
 * Level 5.3 Fighting
 * Level 6.4 Short Blades
 - Level 3.6(4.4) Slings
 - Level 3.7(4.5) Throwing
 * Level 1.7 Armour
 - Level 1.5 Dodging
 + Level 6.7 Stealth
 * Level 4.9 Shields
 * Level 3.7 Invocations


You had 8 spell levels left.
You didn't know any spells.
Your spell library contained the following spells:

 Spells                   Type           Power        Failure   Level  Hunger
 Infusion                 Chrm           #...         97%         1    ##.....
 Shroud of Golubria       Chrm/Tloc      #.....       99%         2    ###....
 Song of Slaying          Chrm           #.......     99%         2    ###....
 Regeneration             Chrm/Necr      #.........   100%        3    ####...
 Spectral Weapon          Hex/Chrm       #.......     100%        3    ####...


Dungeon Overview and Level Annotations

Branches:
Dungeon (10/15)            Temple (1/1) D:7            Lair (0/6) D:10
  Sewer (visited)         Ossuary (visited)
    Orc: D:9-12

Altars:
Ashenzari
Cheibriados
Dithmenos
Elyvilon
Fedhas
Gozag
Hepliaklqana
Kikubaaqudgha
Makhleb
Nemelex Xobeh
Okawaru
Qazlal
Ru
Sif Muna
Trog
Uskayaw
Vehumet
Wu Jian
Xom
Yredelemnul
Zin
The Shining One

Shops:
D:8 *   D:10 *

Annotations:
D:7 exclusion: ogre, Joseph
D:8 1 exclusion
D:9 exclusion: ogre


Innate Abilities, Weirdness & Mutations

You have razor-sharp teeth.
Your natural rate of healing is unusually fast.
When hurt, damage is shared between your health and your magic reserves.
Your bite disrupts and absorbs the magic of your enemies.
Potions cannot restore your health.
You are immune to rotting.


Message History

You kill the adder!
A meliai opens the door.
The adder bites you but does no damage. You block the meliai's attack.
The meliai stings you.
* * * LOW HITPOINT WARNING * * *
You block the adder's attack.
The meliai hits you with a cursed -2 war axe.
* * * LOW HITPOINT WARNING * * *
The meliai stings you.
* * * LOW HITPOINT WARNING * * *
The adder closely misses you.
You see here an adder corpse.
Evoke which item? (* to show all) (? for menu, Esc to quit)
Aiming: Disintegrate
Aim: a meliai, wielding a -2 war axe and wearing a +0 leather armour (chance to defeat MR: 65%)
Your attack snaps the meliai out of its fear.
The meliai struggles to resist.
You hear an angry buzzing noise.
The meliai mumbles some strange prayers to its god against you.
Something smites you!
You die...

..≈..?≈..≈≈≈≈≈≈≈.≈
.........≈≈≈≈≈≈..
#.......(#####Y
#........#
#......$.#
#.....##+## +
#.....#...#
#.##>....#.∩S#
#........#.@.#
####.....##y##
#y.......#
###.###### #..#
##.## #..#
######.###
#........#


You could see a meliai and an adder.

Vanquished Creatures
  Grinder (D:2)
  A wraith (Ossuary)
  A water moccasin (D:7)
  A phantom (D:10)
  3 ice beasts
  2 ogres
  5 centaurs
  5 big kobolds
  4 bullfrogs
  A howler monkey (D:6)
  A bullfrog zombie (D:8)
  2 human zombies (Ossuary)
  3 centaur zombies
  2 hounds
  2 orc priests
  A jelly (D:6)
  3 orc wizards
  2 centaur skeletons (D:4)
  2 iguanas
  8 worker ants
  2 hound skeletons
  3 mummies (Ossuary)
  2 worker ant zombies
  6 adders
  A river rat (D:6)
  4 shadow imps
  4 oozes
  An adder zombie (D:5)
  2 worms
  3 dart slugs
  3 leopard geckos
  10 orcs
  5 ball pythons
  A bat zombie (D:8)
  15 giant cockroaches
  4 hobgoblins
  7 jackals
  3 quokkas
  14 bats
  6 frilled lizards
  6 goblins
  4 goblin zombies (Ossuary)
  2 hobgoblin zombies (Ossuary)
  A jackal skeleton (D:4)
  29 kobolds
  2 kobold zombies (Ossuary)
  An orc zombie (Ossuary)
  13 rats
  3 rat zombies (D:8)
  A fungus (Sewer)
  A plant (Sewer)
209 creatures vanquished.

Notes
Turn   | Place    | Note
-------+----------+-------------------------------------------
     0 | D:1      | Oravi the Vine Stalker Hunter began the quest for the Orb.
     0 | D:1      | Reached XP level 1. HP: 11/11 MP: 2/2
     1 | D:1      | Found a runed translucent door.
   134 | D:1      | Reached XP level 2. HP: 15/15 MP: 3/3
   147 | D:1      | Reached skill level 1 in Short Blades
   396 | D:1      | Reached XP level 3. HP: 18/18 MP: 4/4
   742 | D:2      | Found a stormy altar of Qazlal.
   749 | D:2      | Found a blossoming altar of Fedhas.
   883 | D:2      | Reached skill level 1 in Throwing
  1351 | D:3      | Noticed Grinder
  1486 | D:3      | Gained mutation: Your natural rate of healing is unusually
                  | fast. [Vine Stalker growth]
  1486 | D:3      | Reached XP level 4. HP: 23/23 MP: 5/5
  1544 | D:3      | Found an opulent altar of Gozag.
  2107 | D:4      | Noticed an ogre
  2162 | D:4      | Reached XP level 5. HP: 18/27 MP: 6/6
  2422 | D:5      | Entered Level 5 of the Dungeon
  2447 | D:5      | Noticed an ogre
  2502 | D:5      | Found a sand-covered staircase.
  2506 | Ossuary  | Entered an ossuary
  2506 | Ossuary  | Noticed a wraith
  2506 | Ossuary  | Noticed a wraith
  2506 | Ossuary  | Noticed a wraith
  2640 | Ossuary  | Reached XP level 6. HP: 26/32 MP: 7/7
  2882 | Ossuary  | Noticed a wraith
  2909 | Ossuary  | Killed a wraith
  3163 | D:5      | Reached XP level 7. HP: 33/36 MP: 8/8
  3248 | D:5      | Found a shattered altar of Ashenzari.
  3307 | D:5      | Reached skill level 1 in Shields
  3985 | D:5      | Found a shimmering blue altar of Sif Muna.
  4652 | D:3      | Found a snail-covered altar of Cheibriados.
  4792 | D:3      | Found a hazy altar of Hepliaklqana.
  4899 | D:3      | Paralysed by Grinder for 3 turns
  4918 | D:2      | Paralysed by Grinder for 6 turns
  5487 | D:6      | Found a shimmering altar of Xom.
  5522 | D:6      | Gained mutation: You have razor-sharp teeth. [Vine Stalker
                  | growth]
  5522 | D:6      | Reached XP level 8. HP: 39/42 MP: 9/9
  5656 | D:6      | Found a glowing drain.
  5674 | Sewer    | Entered a sewer
  6000 | Sewer    | Reached skill level 5 in Stealth
  6309 | D:6      | Reached skill level 5 in Short Blades
  6773 | D:7      | Noticed Joseph
  6788 | D:7      | Found a staircase to the Ecumenical Temple.
  6797 | Temple   | Entered the Ecumenical Temple
  6856 | Temple   | Became a worshipper of Uskayaw the Reveler
  6919 | D:7      | Found a snail-covered altar of Cheibriados.
  6935 | D:7      | Reached * piety under Uskayaw
  6941 | D:7      | Reached ** piety under Uskayaw
  7278 | D:6      | Reached *** piety under Uskayaw
  7317 | D:6      | Reached skill level 1 in Invocations
  7567 | D:5      | Reached XP level 9. HP: 12/46 MP: 6/11
  8420 | D:2      | Killed Grinder
  8499 | D:2      | Found a stormy altar of Qazlal.
  8500 | D:2      | Found a blossoming altar of Fedhas.
  9264 | D:7      | Found an iron altar of Okawaru.
  9264 | D:7      | Found a glowing silver altar of Zin.
  9336 | D:6      | Reached skill level 1 in Armour
  9419 | D:8      | Found a sacrificial altar of Ru.
  9515 | D:8      | Got a jewelled scale mail
  9526 | D:8      | Identified the +1 scale mail of the Bull {Regen+ Str+7}
                  | (You found it on level 8 of the Dungeon)
  9677 | D:8      | Reached skill level 5 in Fighting
  9680 | D:8      | Reached **** piety under Uskayaw
  9687 | D:8      | Reached ***** piety under Uskayaw
  9877 | D:8      | Found Dolax's Assorted Antiques.
  9910 | D:8      | Bought a scroll of teleportation for 93 gold pieces
  9910 | D:8      | Bought an emerald potion for 27 gold pieces
 10091 | D:8      | Found an ancient bone altar of Kikubaaqudgha.
 10831 | D:9      | Found a burning altar of Makhleb.
 11041 | D:9      | Found a glowing golden altar of the Shining One.
 11152 | D:9      | Noticed a two-headed ogre
 11188 | D:10     | Entered Level 10 of the Dungeon
 11275 | D:10     | Noticed a meliai
 11277 | D:10     | Noticed a meliai
 11285 | D:10     | Found a staircase to the Lair.
 11285 | D:10     | Noticed a meliai
 11286 | D:10     | Noticed a troll
 11297 | D:10     | Found Egize's Serpentskin Sales.
 11304 | D:10     | Killed from afar by a meliai

Levels and vault maps discovered:
D:1:      dpeg_arrival_caged_fury, layout_loops_ring, st_stairs_12
D:2:      layout_basic, grunt_temple_overflow_forces_of_nature
D:3:      layout_basic, lemuel_doored_altar, nicolae_gozag_seed_capital,
          first_ration, cheibriados_altar_1, uniq_grinder
D:4:      layout_loops_ring, kennysheep_boxes
D:5:      layout_loops_ring, lemuel_round_altar, marbit_many_paths,
          enter_ossuary_5
D:6:      layout_cave_pods, xom_teletrap_fun, portal_sewer_entry_e
D:7:      layout_loops_cross, gammafunk_temple_overflow_elements,
          lemuel_temple_firewalk_b, basic_altar, uniq_joseph
D:8:      layout_cave_pods, lemuel_zombie_altar_kikubaaqudgha,
          lemuel_crystal_altar, serial_shops, nicolae_shop_overgrown_old_shop,
          grunt_ogre_cave
D:9:      layout_loops_ring, lemuel_round_altar, kennysheep_mini,
          david_orc_1_choice, hangedman_abyss_or_decor_jellyfish_corner,
          feat_on_display
D:10:     layout_roguey, erik_lair_island, minivault_23, guppyfry_shop_venom,
          uniq_sonja
Temple:   jpeg_temple_island

Skill      XL: |  1  2  3  4  5  6  7  8  9 |
---------------+----------------------------+-----
Fighting       | 2 3 4 5 |  5.3
Short Blades   | 1 2 3 4 5 6 |  6.4
Stealth        | 2 3 4 5 6 |  6.7
Throwing       | 1 2 3 |  3.7
Shields        | 2 3 4 |  4.9
Invocations    | 1 3 |  3.7
Armour         | 1 |  1.7
Slings         | |  3.6
Dodging        | |  1.5

Action                   |  1- 3 |  4- 6 |  7- 9 || total
-------------------------+-------+-------+-------++-------
Melee: Short sword       |    31 |   159 |   204 ||   394
       Bite              |     6 |    64 |   148 ||   218
       Rapier            |       |       |   212 ||   212
 Fire: Hunting sling     |    88 |    20 |   166 ||   274
Throw: Stone             |       |       |     1 ||     1
Evoke: Wand              |       |       |     1 ||     1
  Use: Scroll            |       |     7 |    22 ||    29
       Potion            |       |     1 |     3 ||     4
 Stab: Sleeping          |     1 |     3 |    10 ||    14
       Distracted        |       |     1 |       ||     1
       Paralysed         |       |       |     7 ||     7
  Eat: Chunk             |     2 |     2 |    15 ||    19
       Ration            |       |     1 |     3 ||     4
Armor: Leather armour    |     2 |       |       ||     2
       Ring mail         |    13 |    31 |    78 ||   122
       Scale mail        |       |       |    53 ||    53
Dodge: Dodged            |    29 |    60 |   122 ||   211
       Deflected         |     1 |     1 |     9 ||    11
Block: Shield            |       |     2 |   169 ||   171
